 Dungeon Crawl Stone Soup version 0.29.1-13-g9f3cf754e1 (webtiles) character file.

Game seed: 14960345781903976877

8 Exodus22XD the Poker (level 2, 22/22 HPs)
             Began as a Demonspawn Gladiator on Feb 3, 2023.
             Quit the game on level 1 of the Dungeon.
             The game lasted 00:00:15 (274 turns).

Exodus22XD the Poker (Demonspawn Gladiator)          Turns: 274, Time: 00:00:16

Health: 22/22      AC:  4    Str: 14    XL:     2   Next: 0%
Magic:  2/2        EV: 12    Int:  9    God:
Gold:   4          SH:  0    Dex: 14    Spells: 1/1 levels left

rFire   . . .      SeeInvis .   a - +0 trident
rCold   . . .      Faith    .   (no shield)
rNeg    . . .      Spirit   .   b - +0 leather armour
rPois   .          Reflect  .   c - +0 helmet
rElec   .          Harm     .   (no cloak)
rCorr   .          Rampage  .   (no gloves)
Will    .....                   (no boots)
Stlth   +.........              (no amulet)
HPRegen 0.07/turn               (no ring)
MPRegen 0.16/turn               (no ring)

@: no status effects
A: magic regeneration
a: no special abilities


You were on level 1 of the Dungeon.
You visited 1 branch of the dungeon, and saw 1 of its levels.

You collected 4 gold pieces.

Inventory:

Hand Weapons
 a - a +0 trident (weapon)
Missiles
 d - 3 throwing nets (quivered)
 e - a javelin
Armour
 b - a +0 leather armour (worn)
 c - a +0 helmet (worn)
Scrolls
 h - a scroll of vulnerability {unknown}
 i - a scroll of identify {unknown}
 j - a scroll of immolation {unknown}
 k - a scroll of teleportation {unknown}
Potions
 f - a potion of invisibility {unknown}
 g - a potion of brilliance {unknown}


   Skills:
 + Level 2.0 Fighting
 + Level 2.9 Polearms
 - Level 1.7 Throwing
 * Level 0.4 Armour
 + Level 2.8 Dodging


You had one spell level left.
You didn't know any spells.
Your spell library was empty.

Dungeon Overview and Level Annotations

Branches:
Dungeon (1/15)

Altars:


Innate Abilities, Weirdness & Mutations

You regenerate magic rapidly.


Message History

A rat is nearby!
A rat is nearby!
You hit the rat.
You kill the rat!
Unknown command.
No target in view!
No target in view!
A quokka comes into view.
Found a scroll labelled HADUEZX QETAZI and a scroll labelled WIUTEGIZXE.
You see here a scroll labelled GOAROA UFFUO.
You puncture the quokka!
You kill the quokka!
No target in view!
No target in view!
h - a scroll labelled GOAROA UFFUO No target in view!
No target in view!
You see here a quokka corpse.
i - a scroll labelled HADUEZX QETAZI No target in view!
j - a scroll labelled WIUTEGIZXE No target in view!
An endoplasm comes into view.
Found a scroll labelled AMELUMEWKUR and 4 gold pieces.
Found an escape hatch in the floor.
Found a stone staircase leading down.
The endoplasm quivers.
An endoplasm is nearby!
An endoplasm is nearby!
You reach to attack!
You puncture the endoplasm!
You kill the endoplasm!
You have reached level 2!
Your demonic ancestry asserts itself...
Your magic begins to regenerate rapidly.
k - a scroll labelled AMELUMEWKUR Key pressed, stopping explore.
No target in view!
You now have 4 gold pieces.
Key pressed, stopping explore.
No target in view!
Are you sure you want to abandon this character and quit the game? (Confirm with "yes".)

#
......#.#.......####
#
......#.##......#...
#
.......#.##........#
......##.##.......#
...... ..##.......#
...... ...#.......#
...##......#
#...##.###
#.@.>.>...
#......... #
##........ #
#........ .
#........ #########


There were no monsters in sight!

Vanquished Creatures
  2 endoplasms (D:1)
  A hobgoblin (D:1)
  2 quokkas (D:1)
  A frilled lizard (D:1)
  A rat (D:1)
7 creatures vanquished.

Notes
Turn   | Place    | Note
-------+----------+-------------------------------------------
     0 | D:1      | Exodus22XD the Demonspawn Gladiator began the quest for the
                  | Orb.
     0 | D:1      | Reached XP level 1. HP: 16/16 MP: 1/1
   266 | D:1      | Gained mutation: You regenerate magic rapidly. [demonic
                  | ancestry]
   266 | D:1      | Reached XP level 2. HP: 22/22 MP: 2/2
   274 | D:1      | Quit the game

Illustrated notes

Levels and vault maps discovered:
D:1:      dpeg_arrival_simpleton_a, layout_basic,
          hellmonk_ecumenical_altar_defaced_shrine, interstate_on_off,
          minmay_hedge_maze

Action                   || total
-------------------------++-------
Melee: Trident           ||    21
Armor: Leather armour    ||     1
Dodge: Dodged            ||    10
